 Dungeon Crawl Stone Soup version 0.24.0-41-g2ae2f7f1be (webtiles) character file.

Game seed: 1986226680988874669, levelgen mode: deterministic

733732 Amplified the Ninja (level 27, -72/298 HPs)
             Began as a Naga Berserker on Dec 8, 2019.
             Was a High Priest of Trog.
             Killed from afar by an ancient lich (125 damage)
             ... with a crystal spear
             ... on level 5 of the Realm of Zot on Dec 9, 2019.
             The game lasted 02:07:38 (63760 turns).

Amplified the Ninja (Naga Berserker)               Turns: 63760, Time: 02:07:39

Health: -72/298    AC: 40    Str: 36    XL:     27
Magic:  32/32      EV: 21    Int: 12    God:    Trog [*****.]
Gold:   4899       SH: 18    Dex: 16    Spells: 26/26 levels left

rFire    + + +     SeeInvis +   C - +3 broad axe (vamp)
rCold    + + +     Gourm    .   y - +5 shield {rC+ rF+}
rNeg     + + .     Faith    .   q - +3 leather armour of Action {rN+}
rPois    +         Spirit   .   m - +2 helmet
rElec    +         Reflect  .   M - +1 cloak of Tozop {*Drain +Blink rElec Str+3}
rCorr    .         Harm     .   t - +2 pair of gloves {Dex+3}
MR       +++++     Rnd*Tele +   H - +6 lightning scales {run, rElec}
Stlth    ++++++++..             V - amulet of Quanec {Acrobat rF+ rC+ Stlth-}
HPRegen  1.59/turn              E - ring "Naafalog" {rN+ EV+1}
MPRegen  0.23/turn              X - ring "Taynga Okhlu" {*Contam rF+ rC+ Str+2 SInv}

@: mighty, about to teleport, berserk cooldown, regenerating, slowed, lightly
drained, very slow
A: large, see invisible, deformed body, fire resistance 1, low mp 1, sense
surroundings 1, poison resistance, shaggy fur 1, slowness 2, slow metabolism 1,
spit poison 1, teleportitis 1, no potion heal 1, constrict 1, AC +9
}: 5/15 runes: decaying, slimy, silver, abyssal, gossamer
a: Spit Poison, Berserk, Trog's Hand, Brothers in Arms, Renounce Religion, Evoke
Blink


You were on level 5 of the Realm of Zot.
You worshipped Trog.
Trog was extremely pleased with you.
You were not hungry.

You visited 11 branches of the dungeon, and saw 57 of its levels.
You visited the Abyss 1 time.
You visited 1 bazaar.
You visited 1 ziggurat, and saw 8 of its levels.
You also visited: Bailey, Gauntlet, Volcano and Wizlab.

You collected 9760 gold pieces.
You spent 4861 gold pieces at shops.

Inventory:

Hand Weapons
 C - a +3 vampiric broad axe (weapon)
 I - a +9 antimagic broad axe
 Q - a +6 broad axe of chopping
Missiles
 R - a throwing net (quivered)
 S - 34 silver javelins
Armour
 m - a +2 helmet (worn)
 q - the +3 leather armour of Action (worn) {rN+}
   (You found it on level 2 of the Swamp)

   It protects you from negative energy.
 t - a +2 pair of gloves of dexterity (worn)
 x - the +12 plate armour of Wenor {rF+ Int+4 Dex+4 Stlth+}
   (You bought it in a shop in a bazaar)

   It affects your intelligence (+4).
   It affects your dexterity (+4).
   It protects you from fire.
   It makes you more stealthy.
 y - a +5 shield of resistance (worn)
 z - a scarf of resistance
 H - the +6 lightning scales (worn) {run, rElec}
   (You acquired it on level 10 of the Dungeon)

   It insulates you from electricity.
 M - the +1 cloak of Tozop (worn) {*Drain +Blink rElec Str+3}
   (You found it on level 5 of the Vaults)

   It affects your strength (+3).
   It insulates you from electricity.
   It lets you blink.
   It causes draining when unequipped.
Jewellery
 g - an uncursed ring of flight
 l - an uncursed ring of positive energy
 n - the ring of Mulol {rPois rF+ rC+}
   (You found it on level 7 of a ziggurat)

   [ring of poison resistance]

   It protects you from fire.
   It protects you from cold.
   It protects you from poison.
 o - an uncursed ring of resist corrosion
 v - the amulet "Cara" {Acrobat -Tele Str+2 Dex+7}
   (You acquired it on level 5 of the Depths)

   [amulet of the acrobat]

   It helps you evade while moving and waiting.
   It affects your strength (+2).
   It affects your dexterity (+7).
   It prevents most forms of teleportation.
 E - the ring "Naafalog" (left hand) {rN+ EV+1}
   (You found it on level 2 of the Depths)

   [ring of evasion]

   It affects your evasion (+1).
   It protects you from negative energy.
 N - the ring "Elian" {rC+ AC+1 Str+4 Int+3 Dex+4}
   (You took it off a minotaur in a Gauntlet)

   [ring of protection]

   It affects your AC (+1).
   It affects your strength (+4).
   It affects your intelligence (+3).
   It affects your dexterity (+4).
   It protects you from cold.
 V - the amulet of Quanec (around neck) {Acrobat rF+ rC+ Stlth-}
   (You found it on level 3 of the Elven Halls)

   [amulet of the acrobat]

   It helps you evade while moving and waiting.
   It protects you from fire.
   It protects you from cold.
   It makes you less stealthy.
 X - the ring "Taynga Okhlu" (right hand) {*Contam rF+ rC+ Str+2 SInv}
   (You bought it in a shop on level 2 of the Orcish Mines)

   [ring of see invisible]

   It affects your strength (+2).
   It protects you from fire.
   It protects you from cold.
   It lets you see invisible.
   It causes magical contamination when unequipped.
Wands
 f - a wand of clouds (2)
 w - a wand of scattershot (5)
 U - a wand of digging (1)
 W - a wand of acid (34)
Scrolls
 b - 39 scrolls of remove curse
 k - 16 scrolls of identify
 p - a scroll of silence
 r - 9 scrolls of summoning
 u - 3 scrolls of holy word
 A - 3 scrolls of magic mapping
 G - 45 scrolls of teleportation
 O - 4 scrolls of fear
 Y - 11 scrolls of fog
Potions
 a - 7 potions of ambrosia
 e - 15 potions of lignification
 h - a potion of mutation
 i - 3 potions of cancellation
 j - a potion of invisibility
 s - 7 potions of brilliance
 B - 6 potions of magic
 D - 2 potions of might
 F - 22 potions of curing
 J - 2 potions of haste
 K - 7 potions of flight
 L - 4 potions of resistance
 P - 2 potions of heal wounds
Miscellaneous
 d - a lamp of fire
 T - 5 phantom mirrors
Comestibles
 c - 40 rations


   Skills:
 O Level 27(26.8) Fighting
 - Level 18.1(18.0) Axes
 * Level 17.5(17.4) Armour
 * Level 17.5(17.4) Dodging
 O Level 27(26.8) Stealth
 - Level 9.1(9.0) Shields
 * Level 18.5(18.4) Evocations


You had 26 spell levels left.
You didn't know any spells.
Your spell library contained the following spells:

 Spells                   Type           Power        Failure   Level  Hunger
 Beastly Appendage        Tmut           #.....       34%         1    ##.....
 Confusing Touch          Hex            #.....       34%         1    ##.....
 Corona                   Hex            #......      34%         1    ##.....
 Flame Tongue             Conj/Fire      #....        34%         1    ##.....
 Freeze                   Ice            #...         34%         1    ##.....
 Infusion                 Chrm           #...         34%         1    ##.....
 Magic Dart               Conj           #...         34%         1    ##.....
 Pain                     Necr           #...         34%         1    ##.....
 Sting                    Conj/Pois      #...         34%         1    ##.....
 Summon Small Mammal      Summ           #...         34%         1    ##.....
 Call Imp                 Summ           #.......     45%         2    ###....
 Corpse Rot               Necr           N/A          45%         2    ###....
 Ensorcelled Hibernation  Hex/Ice        #.....       45%         2    ###....
 Passwall                 Tmut/Erth      #.......     45%         2    ###....
 Poisonous Vapours        Pois/Air       #.....       45%         2    ###....
 Searing Ray              Conj           #.....       45%         2    ###....
 Shroud of Golubria       Chrm/Tloc      #.....       45%         2    ###....
 Slow                     Hex            #.......     45%         2    ###....
 Song of Slaying          Chrm           #.......     45%         2    ###....
 Sticks to Snakes         Tmut           #.......     45%         2    ###....
 Sublimation of Blood     Necr           #.........   45%         2    ###....
 Swiftness                Chrm/Air       #.......     45%         2    ###....
 Throw Flame              Conj/Fire      #.....       45%         2    ###....
 Throw Frost              Conj/Ice       #.....       45%         2    ###....
 Call Canine Familiar     Summ           #.......     71%         3    ####...
 Confuse                  Hex            #.......     71%         3    ####...
 Conjure Flame            Conj/Fire      #.......     71%         3    ####...
 Dazzling Spray           Conj/Hex       #.....       71%         3    ####...
 Gell's Gravitas          Tloc           #.........   71%         3    ####...
 Inner Flame              Hex/Fire       #.......     71%         3    ####...
 Mephitic Cloud           Conj/Pois/Air  #.......     71%         3    ####...
 Ozocubu's Armour         Chrm/Ice       #.......     71%         3    ####...
 Portal Projectile        Hex/Tloc       #.....       71%         3    ####...
 Regeneration             Chrm/Necr      #.........   71%         3    ####...
 Spectral Weapon          Hex/Chrm       #.......     71%         3    ####...
 Spider Form              Tmut/Pois      #.........   71%         3    ####...
 Static Discharge         Conj/Air       #.......     71%         3    ####...
 Summon Guardian Golem    Hex/Summ       #.......     71%         3    ####...
 Tukima's Dance           Hex            #.......     71%         3    ####...
 Vampiric Draining        Necr           #.........   71%         3    ####...
 Cause Fear               Hex            #.........   98%         4    #####..
 Force Lance              Conj/Tloc      #.......     98%         4    #####..
 Fulminant Prism          Conj/Hex       #.........   98%         4    #####..
 Ice Form                 Ice/Tmut       #.......     98%         4    #####..
 Iskenderun's Mystic Bla  Conj           #.......     98%         4    #####..
 Leda's Liquefaction      Hex/Erth       #.........   98%         4    #####..
 Olgreb's Toxic Radiance  Pois           #.......     98%         4    #####..
 Passage of Golubria      Tloc           N/A          98%         4    #####..
 Petrify                  Tmut/Erth      #.......     98%         4    #####..
 Sticky Flame             Conj/Fire      #.......     98%         4    #####..
 Summon Ice Beast         Ice/Summ       #.......     98%         4    #####..
 Summon Lightning Spire   Summ/Air       #.......     98%         4    #####..
 Throw Icicle             Conj/Ice       #.......     98%         4    #####..
 Agony                    Necr           #.......     100%        5    ######.
 Blade Hands              Tmut           #.........   100%        5    ######.
 Bolt of Draining         Conj/Necr      #.........   100%        5    ######.
 Bolt of Magma            Conj/Fire/Erth #.........   100%        5    ######.
 Borgnjor's Vile Clutch   Necr/Erth      #.........   100%        5    ######.
 Dispel Undead            Necr           #.......     100%        5    ######.
 Excruciating Wounds      Chrm/Necr      #.........   100%        5    ######.
 Fireball                 Conj/Fire      #.........   100%        5    ######.
 Irradiate                Conj/Tmut      #.........   100%        5    ######.
 Iskenderun's Battlesphe  Conj/Chrm      #.......     100%        5    ######.
 Lee's Rapid Deconstruct  Erth           #.........   100%        5    ######.
 Lightning Bolt           Conj/Air       #.........   100%        5    ######.
 Metabolic Englaciation   Hex/Ice        #.........   100%        5    ######.
 Silence                  Hex/Air        #.........   100%        5    ######.
 Summon Mana Viper        Hex/Summ       #.......     100%        5    ######.
 Venom Bolt               Conj/Pois      #.........   100%        5    ######.
 Yara's Violent Unravell  Hex/Tmut       #.........   100%        5    ######.
 Conjure Ball Lightning   Conj/Air       #.........   100%        6    #######
 Darkness                 Hex            #.........   100%        6    #######
 Deflect Missiles         Chrm/Air       #.........   100%        6    #######
 Freezing Cloud           Conj/Ice/Air   #.........   100%        6    #######
 Hydra Form               Tmut           #.........   100%        6    #######
 Invisibility             Hex            #.......     100%        6    #######
 Iron Shot                Conj/Erth      #.........   100%        6    #######
 Shadow Creatures         Summ           N/A          100%        6    #######
 Statue Form              Tmut/Erth      #........    100%        6    #######
 Dragon Form              Tmut           #.........   100%        7    #######
 Malign Gateway           Summ/Tloc      #.........   100%        7    #######
 Monstrous Menagerie      Summ           #.........   100%        7    #######
 Orb of Destruction       Conj           #.........   100%        7    #######
 Spellforged Servitor     Conj/Summ      #.........   100%        7    #######
 Summon Greater Demon     Summ           #.........   100%        7    #######
 Ignition                 Fire           #.........   100%        8    #######
 Infestation              Necr           #.........   100%        8    #######
 Summon Horrible Things   Summ           #.........   100%        8    #######
 Shatter                  Erth           #.........   100%        9    #######
 Tornado                  Air            #.........   100%        9    #######


Dungeon Overview and Level Annotations

Branches:
Dungeon (15/15)            Temple (0/1) D:4            Lair (6/6) D:10
  Swamp (4/4) Lair:3       Spider (4/4) Lair:3        Slime (5/5) Lair:6
    Orc (2/2) D:12            Elf (3/3) Orc:2        Vaults (5/5) D:14
  Crypt (3/3) Vaults:3       Tomb (0/3) Crypt:3      Depths (5/5) D:15
    Zot (5/5) Depths:5     Bailey (visited)         Volcano (visited)
 WizLab (visited)         Gauntlet (visited)

Altars:
Ashenzari
Fedhas
Kikubaaqudgha
Okawaru
Trog
Xom
Yredelemnul
Jiyva

Shops:
D:11 [   Orc:1 ?   Orc:2 [(=!   Elf:1 ?   Elf:3 *

Portals:
Hell: Depths:1 Depths:2 Depths:3 Depths:4 Depths:5
Abyss: Depths:4
Pandemonium: Depths:3

Annotations:
Orc:2 iamserjio's ghost, adept OpMo
Elf:2 3 runed translucent doors
Vaults:5
Abyss and Slime to easy Clear.
Depths:2 3 runed translucent doors


Innate Abilities, Weirdness & Mutations

You cannot wear boots.
Your serpentine skin is tough. (AC +9)
You have supernaturally acute eyesight. (SInv)
Armour fits poorly on your strangely shaped body.
Your system is resistant to poisons. (rPois)
You cover ground very slowly.
You have a slow metabolism.
You can spit poison.
You can use your snake-like lower body to constrict enemies.
Your flesh is heat resistant. (rF+)
Your magical capacity is low. (-10% MP)
You passively map a small area around you.
You are covered in fur. (AC +1)
You are occasionally teleported next to monsters.
Potions are less effective at restoring your health.


Message History

The golden dragon convulses!
Your body is wracked with pain!
* * * LOW HITPOINT WARNING * * *
Unknown command.
Unknown command.
Your system partially rejects the healing.
You feel much better. You block the ancient lich's attack.
The Tzitzimitl calls on the powers of darkness!
The golden dragon convulses!
Your body is wracked with pain!
* * * LOW HITPOINT WARNING * * *
The ancient lich touches you but does no damage.
Unknown command.
Unknown command.
Your system partially rejects the healing.
You feel much better. The ancient lich closely misses you.
The golden dragon breathes fire at you. The bolt of fire hits you. You resist.
* * * LOW HITPOINT WARNING * * *
The ancient lich points at you and mumbles some strange words.
The crystal spear hits you!!!!
You die...

######### ########[########▓
........## #...............#
.........## ##.............## *
..........## #.............# **
...........# ##...........## *,
...........# #...........# *,
...........# ##........[..## *,
...........# #.............# *,
...........# ##2@...........## *,
.........^.###LLD............##*,
......X.d8###..1###########...###
...XXdX..##**1.## ##....#
L...XX*Xp.X..### ###..^
##▓▓▓▓▓▓▓▓▓▓▓# #▓▓▓ .......,,****
*** .......,,,,,*** ***,,
.......,,,,,,,** **,,,,


You could see 2 orbs of fire, a golden dragon, 2 ancient liches, a Tzitzimitl,
an Ice Fiend, an Orb Guardian and a lorocyproca (invisible).

Vanquished Creatures
  the Royal Jelly (Slime:5)
  Khufu (Crypt:1)
  3 orbs of fire (Zot:5)
  2 juggernauts (Depths:2)
  Mennas (Crypt:1)
  4 ancient liches
  The ghost of opiumtea the Minotaur Cataclysm, a master MiFi of Qazlal (Zot:3)
  2 greater mummies
  Sojobo (Crypt:1)
  2 Killer Klowns (Zig:8)
  Bai Suzhen (Crypt:1)
  Frederick (Depths:3)
  Margery (Vaults:3)
  the Lernaean hydra (Swamp:4)
  2 curse toes
  Nikola (Spider:2)
  Jory (Vaults:2)
  8 golden dragons
  Arachne (Spider:2)
  8 bone dragons
  5 liches
  15 tentacled monstrosities
  A Brimstone Fiend (Zig:8)
  A shard shrike zombie (Crypt:1)
  Jorgrun (Elf:1)
  9 Orb Guardians (Zot:5)
  4 titans
  Rupert (D:14)
  7 quicksilver dragons
  A deep elf blademaster (Elf:3)
  3 deep elf master archers (Elf:3)
  5 death cobs
  20 acid blobs
  A thorn hunter (Swamp:1)
  8 tentacled starspawn
  Agnes (Spider:3)
  9 sphinxes
  3 ancient champions
  12 tengu reavers
  12 azure jellies
  Kirke (D:14)
  12 storm dragons
  6 shadow dragons
  Roxanne (Spider:1)
  5 draconian monks
  Donald (Vaults:4)
  3 revenants (Crypt:1)
  An iron dragon (shapeshifter) (Zig:8)
  7 ghost moths
  12 frost giants
  15 fire giants
  A balrug (Gauntlet)
  2 orc warlords
  6 draconian scorchers
  11 vault wardens
  A caustic shrike zombie (Zig:7)
  6 deep elf sorcerers
  4 draconian knights
  4 iron dragons
  An angel (Zig:2)
  5 draconian shifters
  5 emperor scorpions
  Louise (Elf:3)
  7 draconian annihilators
  3 draconian stormcallers
  23 stone giants
  5 ghouls
  10 entropy weavers
  18 very ugly things
  3 deep elf elementalists
  15 ironheart preservers
  An ophan (Zig:2)
  6 war gargoyles
  9 black draconians
  4 deep elf demonologists (Elf:3)
  8 green draconians
  2 minotaurs
  A spark wasp (shapeshifter) (Vaults:5)
  A lorocyproca (Depths:3)
  10 red draconians
  12 white draconians
  5 yellow draconians
  6 spark wasps
  16 vampire knights
  Snorg (D:12)
  9 deep elf annihilators
  11 purple draconians
  13 ettins
  7 crystal guardians
  8 death oozes (Slime:5)
  An eidolon (Crypt:1)
  A merfolk impaler (Depths:2)
  9 deep elf death magi
  6 mummy priests
  5 deep elf high priests
  4 fire dragons
  12 ice dragons
  16 great orbs of eyes
  6 jiangshi
  18 yaktaur captains
  A spectral golden dragon (Zot:3)
  4 spriggan air magi
  A naga warrior (Abyss:1)
  A spectral shadow dragon (Zot:3)
  24 hydras
  A hydra (shapeshifter) (Vaults:4)
  34 vault guards
  A catoblepas (Lair:4)
  9 rakshasas
  A shambling mangrove (Swamp:3)
  An alligator snapping turtle (shapeshifter) (Zig:8)
  A queen ant (Spider:2)
  A spectral draconian (Zot:3)
  13 alligators
  15 ogre magi
  11 centaur warriors
  8 death scarabs (Spider:4)
  42 two-headed ogres
  8 death knights
  4 spriggan berserkers
  10 deep troll shamans
  6 tengu warriors
  16 dancing weapons
  5 orc high priests (Orc:2)
  A spectral storm dragon (Zot:3)
  17 deep elf knights
  7 deep troll earth magi
  3 thrashing horrors
  5 vampire magi
  A soul eater (Crypt:1)
  7 spriggans
  2 sun demons (Depths:3)
  Nergalle (D:10)
  3 small abominations
  3 sixfirhies (Abyss:1)
  A titan skeleton (Crypt:1)
  A spectral white draconian (Zot:3)
  2 wretched stars (Abyss:1)
  A spark wasp zombie (WizLab)
  2 spectral yellow draconians (Zot:3)
  3 iron trolls (Depths:4)
  22 skeletal warriors
  9 hell knights
  18 deep trolls
  6 unseen horrors
  A spectral ghost moth (Zot:3)
  2 golden dragon zombies
  A storm dragon skeleton (Crypt:3)
  10 swamp dragons
  A swamp dragon (shapeshifter) (Vaults:4)
  2 spriggan druids (Swamp:1)
  A death drake (shapeshifter) (Vaults:5)
  7 wizards
  4 spectral wolf spiders (Spider:4)
  Pikel (D:5)
  2 orange crystal statues
  13 phantasmal warriors
  3 flayed ghosts
  19 deep elf archers
  5 glowing orange brains
  17 ironbrand convokers
  A lindwurm (Volcano)
  A lindwurm (shapeshifter) (Vaults:5)
  13 necromancers
  18 orc knights
  2 manticores
  6 orc sorcerers
  39 wolf spiders
  14 harpies
  16 orb spiders
  3 wolf spider zombies (Spider:4)
  65 ugly things
  An iron dragon zombie (Zig:7)
  A salamander (shapeshifter) (D:13)
  72 deep elf magi
  A sphinx skeleton (Crypt:1)
  7 shining eyes
  2 stone giant zombies
  5 cyclopes
  2 fauns (shapeshifter)
  3 iron dragon skeletons
  5 frost giant zombies
  3 elephants (Lair:4)
  3 fire giant zombies (Crypt:2)
  3 black mambas (shapeshifter)
  An ice statue (Lair:2)
  A naga mage (Abyss:1)
  2 frost giant skeletons
  19 vault sentinels
  22 moths of wrath
  4 torpor snails
  A stone giant skeleton (Crypt:3)
  2 apocalypse crabs (Zig:8)
  A molten gargoyle (Volcano)
  Psyche (D:8)
  3 orange demons
  5 rust devils
  A spiny frog (shapeshifter) (Vaults:4)
  2 gargoyles
  8 centaur skeletons
  3 smoke demons
  An eye of devastation (Abyss:3)
  2 yaktaur zombies
  2 kobold demonologists (D:14)
  A dire elephant skeleton (Crypt:2)
  29 spiny frogs
  An efreet (D:14)
  A hellion (Zig:7)
  A yaktaur (shapeshifter) (Depths:3)
  An anaconda simulacrum (Crypt:1)
  A rime drake (shapeshifter) (Depths:1)
  22 demonic crawlers
  The ghost of Psun the Covert, a novice OpAs (D:6)
  3 rime drakes
  9 komodo dragons
  4 spectral redbacks (Spider:4)
  60 yaktaurs
  A redback zombie (Spider:4)
  3 ice devils
  10 freezing wraiths
  A golden dragon simulacrum (Zot:3)
  A tormentor (Abyss:3)
  10 guardian mummies
  3 human skeletons
  A queen bee (D:12)
  A tengu conjurer (Depths:3)
  A catoblepas skeleton (Crypt:1)
  6 polar bears
  A jumping spider (shapeshifter) (Depths:3)
  The ghost of Bombadil the Slasher, an amateur DrCK of Xom (D:4)
  7 trolls
  A merfolk (shapeshifter) (Depths:5)
  3 spectral tarantellas (Spider:4)
  A death drake zombie (Crypt:1)
  6 meliai
  2 queen bees (shapeshifter)
  A wind drake (Zig:3)
  5 spectral jumping spiders (Spider:4)
  Prince Ribbit (D:7)
  31 jumping spiders
  Grinder (D:4)
  The ghost of Scypier the Insei, an amateur GnTm of Okawaru (D:4)
  16 tyrant leeches
  15 hornets
  A tarantella zombie (Spider:4)
  A blink frog (shapeshifter) (Depths:5)
  A shadow dragon simulacrum (Zot:3)
  The ghost of FishyPogo the Conjurer, an amateur GnCj of Vehumet (D:4)
  A harpy skeleton (Crypt:2)
  88 slime creatures
  2 hippogriffs
  8 raiju
  9 bog bodies
  A raiju (shapeshifter) (Depths:1)
  An ettin zombie (WizLab)
  4 fire dragon zombies
  20 blink frogs
  2 draconian simulacra (Zot:3)
  A jumping spider zombie (Spider:4)
  A hippogriff (shapeshifter) (Vaults:3)
  31 flying skulls
  5 large abominations (Abyss:1)
  An alligator skeleton (Crypt:1)
  3 air elementals
  A guardian serpent skeleton (Crypt:2)
  111 redbacks
  3 shadows
  35 tarantellas
  A fire dragon skeleton (Crypt:3)
  2 ynoxinuls
  A spriggan (shapeshifter) (Vaults:3)
  2 vampires
  7 water elementals
  42 yaks
  An ettin skeleton (Abyss:1)
  9 starcursed masses (Abyss:1)
  4 basilisks
  19 fire bats (Volcano)
  15 wraiths
  A human (D:10)
  2 hogs (D:14)
  5 wyverns
  5 fire elementals
  A hog (shapeshifter) (Vaults:5)
  3 golden eyes (Slime:2)
  6 chaos spawn
  7 hungry ghosts
  2 neqoxecs
  5 wargs
  A white draconian simulacrum (Zot:3)
  18 vampire mosquitoes
  A naga (Abyss:1)
  21 insubstantial wisps
  2 soldier ants (shapeshifter)
  4 acid dragons
  2 human simulacra
  20 swamp worms
  27 soldier ants
  2 floating eyes
  8 porcupines
  A spectral hornet (Spider:4)
  10 water moccasins
  Duvessa (D:4)
  10 hell hounds
  A hydra simulacrum (Abyss:1)
  A merfolk skeleton (Crypt:1)
  12 ice beasts
  A moth of wrath simulacrum (Zot:3)
  38 orc warriors
  A sky beast (D:12)
  2 black bears
  A hornet zombie (Spider:4)
  13 swamp drakes
  A slave (D:5)
  An ice dragon simulacrum (Crypt:2)
  5 phantoms
  8 necrophages
  A snapping turtle zombie (Crypt:3)
  22 boggarts
  7 eyes of draining
  7 wolves
  34 ogres
  19 centaurs
  An ogre (shapeshifter) (Vaults:5)
  22 crocodiles
  A manticore skeleton (Crypt:2)
  5 big kobolds
  3 human zombies
  29 bullfrogs
  3 earth elementals
  Dowan (D:4)
  A yaktaur skeleton (Crypt:2)
  5 scorpions
  A wyvern skeleton (D:11)
  26 killer bees
  A spectral wolf (Crypt:2)
  10 wights
  5 howler monkeys
  4 electric eels
  8 lava snakes (Volcano)
  10 crimson imps
  A soldier ant zombie (Crypt:1)
  5 bullfrog zombies
  A basilisk zombie (Crypt:2)
  42 orc priests
  2 jellies
  3 centaur zombies
  9 hounds
  4 iguanas
  3 iron imps
  28 orc wizards
  25 worker ants
  A lightning spire (Gauntlet)
  A dwarf zombie (Crypt:1)
  A tengu skeleton (Crypt:3)
  3 hound zombies
  2 hound skeletons
  A howler monkey zombie (D:8)
  5 adders
  A howler monkey skeleton (D:5)
  A swamp drake skeleton (Crypt:2)
  A shadow imp (D:13)
  7 white imps
  7 ufetubi
  3 oozes
  An iguana skeleton (Crypt:2)
  A worm (shapeshifter) (Vaults:5)
  2 worms
  5 leopard geckos
  106 orcs
  3 bats
  12 giant cockroaches
  13 goblins
  6 hobgoblins
  13 jackals
  30 kobolds
  2 quokkas
  A ball python (D:6)
  A ball python skeleton (Crypt:2)
  4 frilled lizards
  A gnoll skeleton (Crypt:1)
  A goblin zombie (Crypt:2)
  A hobgoblin skeleton (Crypt:2)
  3 leopard gecko skeletons
  A leopard gecko zombie (D:7)
  An orc zombie (Crypt:2)
  6 rats
  2 briar patches (Swamp:1)
  2 crawling corpses (Depths:3)
  7 fungi
  2 plants
  7 starspawn tentacles
2921 creatures vanquished.

Vanquished Creatures (collateral kills)
  2 acid blobs (Slime:5)
  A purple draconian (Zot:2)
  A death ooze (Slime:5)
  A gargoyle (D:11)
  A jumping spider (Spider:4)
  A spectral tarantella (Spider:4)
7 creatures vanquished.

Vanquished Creatures (others)
  A deep elf blademaster (Elf:3)
  Asterion (Depths:2)
  A deep elf master archer (Elf:3)
  A tengu reaver (Depths:3)
  2 centaur warriors
  A large abomination (Elf:3)
  2 deep elf archers (Elf:1)
  4 deep elf magi
  A vault sentinel (Vaults:5)
  6 yaktaurs
  A freezing wraith (Crypt:1)
  A hornet (shapeshifter) (Depths:2)
  2 centaurs (Depths:4)
  A wight (Crypt:1)
  A hound (D:10)
  A worker ant zombie (Crypt:1)
  3 orcs (Vaults:4)
  A briar patch (Swamp:1)
  8 fungi
  A lurking horror (Abyss:3)
  45 plants
  10 starspawn tentacles
  A withered plant (Gauntlet)
96 creatures vanquished.

Grand Total: 3024 creatures vanquished

Notes
Turn   | Place    | Note
-------+----------+-------------------------------------------
     0 | D:1      | Amplified the Naga Berserker began the quest for the Orb.
     0 | D:1      | Reached XP level 1. HP: 21/21 MP: 1/1
   247 | D:1      | Reached XP level 2. HP: 17/28 MP: 2/2
   477 | D:1      | Reached XP level 3. HP: 25/34 MP: 3/3
   899 | D:1      | Reached ** piety under Trog
  1462 | D:2      | Found a blossoming altar of Fedhas.
  1720 | D:2      | Reached XP level 4. HP: 39/44 MP: 4/4
  2670 | D:3      | Reached XP level 5. HP: 50/50 MP: 5/5
  3189 | D:4      | Noticed Duvessa
  3189 | D:4      | Noticed Dowan
  3200 | D:4      | Killed Duvessa
  3200 | D:4      | Reached XP level 6. HP: 58/58 MP: 6/6
  3204 | D:4      | Killed Dowan
  3321 | D:4      | Found a runed translucent gate.
  3321 | D:4      | Found a runed translucent gate.
  3321 | D:4      | Found a runed translucent gate.
  3321 | D:4      | Noticed FishyPogo's ghost (amateur GnCj)
  3355 | D:4      | Found a staircase to the Ecumenical Temple.
  3382 | D:4      | Noticed Grinder
  3386 | D:4      | Paralysed by Grinder for 4 turns
  3402 | D:4      | Paralysed by Grinder for 6 turns
  3413 | D:4      | Killed Grinder
  3413 | D:4      | Reached skill level 5 in Fighting
  3413 | D:4      | Reached skill level 5 in Axes
  3413 | D:4      | Reached XP level 7. HP: 48/67 MP: 7/7
  3462 | D:4      | Noticed Bombadil's ghost (amateur DrCK)
  3462 | D:4      | Noticed Scypier's ghost (amateur GnTm)
  3576 | D:5      | Entered Level 5 of the Dungeon
  3612 | D:5      | Reached *** piety under Trog
  3788 | D:5      | Noticed Pikel
  4014 | D:5      | Reached XP level 8. HP: 76/76 MP: 8/8
  4145 | D:5      | Killed Pikel
  4366 | D:6      | Received a gift from Trog
  4546 | D:6      | Found a runed translucent door.
  4547 | D:6      | Found a shimmering altar of Xom.
  4547 | D:6      | Noticed Psun's ghost (novice OpAs)
  4547 | D:6      | Noticed a +0 spear of chaos
  4610 | D:6      | Reached XP level 9. HP: 81/86 MP: 9/9
  5274 | D:6      | Noticed a cyan ugly thing
  5338 | D:6      | Killed a cyan ugly thing
  5792 | D:7      | Found a flagged portal.
  5804 | Bailey   | Entered a bailey
  5804 | Bailey   | Noticed an orc knight
  6026 | D:7      | Found a shattered altar of Ashenzari.
  6072 | D:7      | Found an iron altar of Okawaru.
  6202 | D:7      | Noticed Prince Ribbit
  6210 | D:7      | Killed Prince Ribbit
  6886 | D:8      | Noticed Psyche
  7242 | D:8      | Reached **** piety under Trog
  7282 | D:8      | Killed Psyche
  7282 | D:8      | Reached skill level 5 in Armour
  7282 | D:8      | Reached XP level 10. HP: 98/98 MP: 10/10
  7286 | D:8      | Reached skill level 5 in Dodging
  7379 | D:8      | Noticed a two-headed ogre
  7385 | D:8      | Killed a two-headed ogre
  7660 | D:8      | Identified a scroll of acquirement
  8484 | D:9      | Reached ***** piety under Trog
  8735 | D:10     | Entered Level 10 of the Dungeon
  8840 | D:10     | Got a scorched plate armour
  8841 | D:10     | Identified the +10 plate armour "Yvvuteto" {+Fly rC++ Dex+8
                  | Slay-4} (You found it on level 10 of the Dungeon)
  8867 | D:10     | Noticed Nergalle
  8882 | D:10     | Noticed a gargoyle
  8892 | D:10     | Killed Nergalle
  8897 | D:10     | Found a staircase to the Lair.
  8908 | D:11     | Killed a gargoyle
  8908 | D:11     | Reached skill level 10 in Axes
  8908 | D:11     | Reached XP level 11. HP: 38/108 MP: 11/11
  8910 | D:11     | Reached skill level 10 in Fighting
  8950 | D:11     | Noticed a cyan ugly thing
  8963 | D:11     | Killed a cyan ugly thing
  9608 | D:11     | Found Rehulac's Antique Armour Shop.
 11069 | D:10     | Found a bloodstained altar of Trog.
 11075 | D:10     | Noticed a two-headed ogre
 11082 | D:10     | Killed a two-headed ogre
 11127 | D:10     | Noticed an unseen horror
 11139 | D:10     | Found the +6 lightning scales {run, rElec}
 11153 | D:10     | Killed an unseen horror
 11188 | D:10     | Received a gift from Trog
 11312 | D:11     | Bought a shield for 144 gold pieces
 11361 | Lair:1   | Entered Level 1 of the Lair of Beasts
 11435 | Lair:1   | Reached skill level 1 in Shields
 11445 | Lair:1   | Reached XP level 12. HP: 115/120 MP: 4/12
 11508 | Lair:1   | Noticed a five-headed hydra
 11518 | Lair:1   | Killed a one-headed hydra
 11540 | Lair:1   | Found a dark tunnel.
 11549 | Volcano  | Entered a volcano
 11787 | Volcano  | Noticed a fire dragon
 11914 | Volcano  | Found a radiant altar of Vehumet.
 11975 | Volcano  | Killed a fire dragon
 12332 | Lair:1   | Reached skill level 5 in Shields
 12672 | Lair:2   | Gained mutation: You can use your snake-like lower body to
                  | constrict enemies. [Naga growth]
 12672 | Lair:2   | Reached XP level 13. HP: 82/128 MP: 4/13
 13142 | Lair:2   | Received a gift from Trog
 13686 | Lair:3   | Found a hole to the Spider Nest.
 14174 | Lair:3   | Found a staircase to the Swamp.
 15626 | Lair:5   | Received a gift from Trog
 15671 | Lair:5   | Reached XP level 14. HP: 108/139 MP: 4/14
 16147 | Lair:6   | Entered Level 6 of the Lair of Beasts
 16166 | Lair:6   | Found a staircase to the Slime Pits.
 16170 | Lair:6   | Found a viscous altar of Jiyva.
 16494 | Lair:6   | Received a gift from Trog
 16812 | Lair:6   | Reached skill level 15 in Axes
 16851 | Lair:6   | Got a warped brass ring
 16864 | Lair:6   | Identified the ring "Biptevoz" {rPois Dex+5} (You found it
                  | on level 6 of the Lair of Beasts)
 17406 | D:12     | Found a staircase to the Orcish Mines.
 17482 | D:12     | Noticed Snorg
 17492 | D:12     | Killed Snorg
 17610 | D:12     | Received a gift from Trog
 17835 | D:12     | Found the +5 scythe "Finisher" {speed, eviscerate}
 18249 | D:13     | Found a gate leading to a gauntlet.
 18292 | Gauntlet | Entered a Gauntlet
 18292 | Gauntlet | Found a transporter.
 18295 | Gauntlet | Found a transporter.
 18311 | Gauntlet | Found a transporter.
 18311 | Gauntlet | Noticed a reaper
 18315 | Gauntlet | Found a transporter.
 18335 | Gauntlet | Found a transporter.
 18348 | Gauntlet | Found a transporter.
 18352 | Gauntlet | Found a transporter.
 18352 | Gauntlet | Noticed a cacodemon
 18355 | Gauntlet | Found a transporter.
 18378 | Gauntlet | Found a transporter.
 18378 | Gauntlet | Noticed a balrug
 18386 | Gauntlet | Found a transporter.
 18386 | Gauntlet | Found a transporter.
 18390 | Gauntlet | Found a runed translucent door.
 18394 | Gauntlet | Found a transporter.
 18401 | Gauntlet | Found a runed translucent door.
 18503 | Gauntlet | Got a smoking hat
 18504 | Gauntlet | Identified the +0 hat "Erehue" {MR- Regen+ Str+3 Stlth-}
                  | (You found it in a Gauntlet)
 18519 | Gauntlet | Killed a balrug
 18544 | Gauntlet | Identified the ring "Elian" {rC+ AC+1 Str+4 Int+3 Dex+4}
 18665 | D:13     | Received a gift from Trog
 18665 | D:13     | Reached XP level 15. HP: 146/150 MP: 5/15
 19217 | D:14     | Reached ****** piety under Trog
 19537 | D:14     | Noticed Kirke
 19550 | D:14     | Killed Kirke
 19565 | D:14     | Noticed Rupert
 19572 | D:14     | Killed Rupert
 19808 | D:14     | Found a gate to the Vaults.
 20093 | D:15     | Entered Level 15 of the Dungeon
 20446 | D:15     | Received a gift from Trog
 20852 | D:15     | Reached XP level 16. HP: 98/160 MP: 5/16
 20858 | D:15     | Found a staircase to the Depths.
 21312 | Spider:1 | Entered Level 1 of the Spider Nest
 21364 | Spider:2 | Reached skill level 15 in Fighting
 21930 | Spider:2 | Noticed Arachne
 21941 | Spider:2 | Killed Arachne
 22100 | Spider:2 | Noticed Nikola
 22118 | Spider:2 | Killed Nikola
 22378 | Spider:3 | Reached skill level 1 in Stealth
 22415 | Spider:3 | Noticed Agnes
 22421 | Spider:3 | Killed Agnes
 22814 | Spider:3 | Received a gift from Trog
 22940 | Spider:3 | Reached skill level 5 in Stealth
 22987 | Spider:3 | Reached XP level 17. HP: 165/170 MP: 5/17
 23017 | Spider:3 | Reached skill level 1 in Evocations
 23073 | Spider:3 | Received a gift from Trog
 23556 | Spider:4 | Entered Level 4 of the Spider Nest
 23990 | Spider:4 | Received a gift from Trog
 24443 | Spider:4 | Got a scorched ring mail
 24444 | Spider:4 | Identified the +2 ring mail "Ecreph" {Int+5 Dex+3} (You
                  | found it on level 4 of the Spider Nest)
 24484 | Spider:4 | Received a gift from Trog
 24650 | Spider:4 | Reached skill level 5 in Evocations
 24659 | Spider:4 | Reached XP level 18. HP: 181/181 MP: 7/21
 24711 | Spider:4 | Got a gossamer rune of Zot
 24812 | Spider:4 | Reached skill level 10 in Stealth
 24887 | Spider:1 | Received a gift from Trog
 24985 | Spider:1 | Noticed Roxanne
 25096 | Spider:1 | Received a gift from Trog
 25312 | Spider:1 | You fall into a shaft and drop 1 floor!
 25435 | Swamp:1  | Entered Level 1 of the Swamp
 25710 | Swamp:1  | Found a blossoming altar of Fedhas.
 25729 | Swamp:1  | Reached skill level 10 in Armour
 25766 | Swamp:1  | Upgraded the game from 0.24.0-37-gcf1ca852f1 to
                  | 0.24.0-41-g2ae2f7f1be
 25822 | Swamp:1  | Reached skill level 10 in Dodging
 26018 | Swamp:1  | Received a gift from Trog
 26349 | Swamp:2  | Got an ancient leather armour
 27600 | Swamp:3  | Received a gift from Trog
 27716 | Swamp:4  | Entered Level 4 of the Swamp
 27847 | Swamp:4  | Reached XP level 19. HP: 190/190 MP: 7/24
 27943 | Swamp:4  | Noticed the 27-headed Lernaean hydra
 27966 | Swamp:4  | Killed the 21-headed Lernaean hydra
 28487 | Swamp:4  | Got a decaying rune of Zot
 28614 | Swamp:3  | Identified the +3 leather armour of Action {rN+} (You found
                  | it on level 2 of the Swamp)
 28954 | Vaults:1 | Entered Level 1 of the Vaults
 29202 | Vaults:1 | Received a gift from Trog
 29205 | Vaults:1 | Got a slimy battleaxe {god gift}
 29466 | Vaults:1 | Identified the +9 battleaxe "Pywyrhyidor" {protect, rC-
                  | Str+4} (Trog gifted it to you on level 1 of the Vaults)
 29661 | Vaults:1 | Received a gift from Trog
 30385 | Vaults:2 | Received a gift from Trog
 30634 | Vaults:2 | Reached XP level 20. HP: 189/201 MP: 8/26
 30922 | Vaults:2 | Received a gift from Trog
 31223 | Vaults:2 | Noticed Jory
 31247 | Vaults:2 | Killed Jory
 31280 | Vaults:2 | Reached skill level 15 in Stealth
 31871 | Vaults:3 | Received a gift from Trog
 31933 | Vaults:3 | Reached skill level 10 in Evocations
 31982 | Vaults:3 | Noticed Margery
 32000 | Vaults:3 | Killed Margery
 32258 | Vaults:3 | Received a gift from Trog
 32342 | Vaults:3 | Found a staircase to the Crypt.
 32696 | Vaults:3 | Reached XP level 21. HP: 131/212 MP: 9/28
 32940 | Vaults:4 | Received a gift from Trog
 33071 | Vaults:4 | Noticed Donald
 33086 | Vaults:4 | Killed Donald
 33765 | Vaults:4 | Received a gift from Trog
 34312 | Vaults:4 | Received a gift from Trog
 34845 | Crypt:1  | Entered Level 1 of the Crypt
 34864 | Crypt:1  | Noticed Sojobo
 34902 | Crypt:1  | Killed Sojobo
 34902 | Crypt:1  | Reached XP level 22. HP: 220/223 MP: 10/30
 35227 | Crypt:1  | Noticed Khufu
 35242 | Crypt:1  | Killed Khufu
 35256 | Crypt:1  | Noticed a greater mummy
 35265 | Crypt:1  | Killed a greater mummy
 35468 | Crypt:1  | Received a gift from Trog
 35479 | Crypt:1  | Got a crude triple sword {god gift}
 36000 | Crypt:1  | Noticed Mennas
 36050 | Crypt:2  | Received a gift from Trog
 36397 | Crypt:3  | Entered Level 3 of the Crypt
 37001 | Crypt:3  | Received a gift from Trog
 37012 | Crypt:3  | Got a bloodstained broad axe {god gift}
 37013 | Crypt:3  | Identified the +2 broad axe of Magnificence {chop, Str+6
                  | SInv} (Trog gifted it to you on level 3 of the Crypt)
 37163 | Crypt:3  | Found a staircase to the Tomb.
 37166 | Crypt:3  | Identified the Volume of Darkness
 37213 | Crypt:3  | Found an ancient bone altar of Kikubaaqudgha.
 37213 | Crypt:3  | Noticed an ancient lich
 37226 | Crypt:3  | Killed an ancient lich
 37226 | Crypt:3  | Reached XP level 23. HP: 226/231 MP: 10/32
 37863 | Crypt:2  | Received a gift from Trog
 38097 | Crypt:2  | Found a basalt altar of Yredelemnul.
 38570 | Crypt:2  | Identified the +5 triple sword of Charity {drain, rPois rF-
                  | rC+ MR+} (Trog gifted it to you on level 1 of the Crypt)
 38824 | Crypt:1  | Killed Mennas
 38940 | Crypt:1  | Noticed Bai Suzhen
 38957 | Crypt:1  | Killed Bai Suzhen
 38957 | Crypt:1  | Received a gift from Trog
 39396 | Orc:1    | Entered Level 1 of the Orcish Mines
 39497 | Orc:1    | Found Wocsas's Magic Scroll Boutique.
 39506 | Orc:1    | Bought a scroll of teleportation for 51 gold pieces
 39506 | Orc:1    | Bought a scroll of teleportation for 51 gold pieces
 39506 | Orc:1    | Bought a scroll of teleportation for 51 gold pieces
 39506 | Orc:1    | Bought a scroll of identify for 34 gold pieces
 39506 | Orc:1    | Bought a scroll of identify for 34 gold pieces
 39506 | Orc:1    | Bought a scroll of holy word for 127 gold pieces
 39506 | Orc:1    | Bought a scroll of identify for 34 gold pieces
 39506 | Orc:1    | Bought a scroll of remove curse for 51 gold pieces
 39506 | Orc:1    | Bought a scroll of remove curse for 51 gold pieces
 39506 | Orc:1    | Bought a scroll of remove curse for 51 gold pieces
 39570 | Orc:2    | Entered Level 2 of the Orcish Mines
 39983 | Orc:2    | Found a runed translucent gate.
 39983 | Orc:2    | Found a runed translucent gate.
 39983 | Orc:2    | Found an iron altar of Okawaru.
 39983 | Orc:2    | Found a runed translucent gate.
 39983 | Orc:2    | Noticed iamserjio's ghost (adept OpMo)
 40208 | Orc:2    | Found a staircase to the Elven Halls.
 40241 | Orc:2    | Received a gift from Trog
 40401 | Orc:2    | Found Hemmus's Armour Shoppe.
 40401 | Orc:2    | Found Yrghogh's Distillery.
 40402 | Orc:2    | Found Viplae's Weapon Emporium.
 40402 | Orc:2    | Found Ziepni Tobi's Jewellery Shoppe.
 40409 | Orc:2    | Bought a potion of magic for 120 gold pieces
 40409 | Orc:2    | Bought a potion of berserk rage for 75 gold pieces
 40409 | Orc:2    | Bought a potion of curing for 45 gold pieces
 40409 | Orc:2    | Bought a potion of heal wounds for 75 gold pieces
 40409 | Orc:2    | Bought a potion of might for 60 gold pieces
 40409 | Orc:2    | Bought a potion of curing for 45 gold pieces
 40409 | Orc:2    | Bought a potion of magic for 120 gold pieces
 40409 | Orc:2    | Bought a potion of brilliance for 60 gold pieces
 40409 | Orc:2    | Bought a potion of agility for 60 gold pieces
 40409 | Orc:2    | Bought a potion of berserk rage for 75 gold pieces
 40410 | Orc:2    | Bought the ring "Taynga Okhlu" {*Contam rF+ rC+ Str+2 SInv}
                  | for 553 gold pieces
 40416 | Orc:2    | Bought a +4 amulet of reflection for 432 gold pieces
 40655 | Elf:1    | Entered Level 1 of the Elven Halls
 40834 | Elf:1    | Found Ahegrok's Magic Scroll Shop.
 40834 | Elf:1    | Noticed Jorgrun
 40847 | Elf:1    | Killed Jorgrun
 40876 | Elf:1    | Bought a scroll of teleportation for 33 gold pieces
 40876 | Elf:1    | Bought a scroll of teleportation for 33 gold pieces
 40876 | Elf:1    | Bought a scroll of identify for 22 gold pieces
 40876 | Elf:1    | Bought a scroll of identify for 22 gold pieces
 40876 | Elf:1    | Bought a scroll of identify for 22 gold pieces
 41060 | Elf:1    | Received a gift from Trog
 41415 | Elf:1    | Identified the cursed +0 scale mail of Inevitability
                  | {Int+3} (You found it on level 1 of the Elven Halls)
 41582 | Elf:2    | Reached XP level 24. HP: 243/243 MP: 33/33
 41949 | Elf:2    | Found a runed translucent gate.
 41949 | Elf:2    | Found a runed translucent gate.
 41949 | Elf:2    | Found a runed translucent gate.
 42144 | Elf:3    | Entered Level 3 of the Elven Halls
 42182 | Elf:3    | Found Segog's Assorted Antiques.
 42192 | Elf:3    | Bought an encrusted agate ring for 185 gold pieces
 42231 | Elf:3    | Found an ancient bone altar of Kikubaaqudgha.
 42357 | Elf:3    | Received a gift from Trog
 42519 | Elf:3    | Got a heavily runed graven amulet
 42520 | Elf:3    | Identified the amulet of Quanec {Acrobat rF+ rC+ Stlth-}
                  | (You found it on level 3 of the Elven Halls)
 42580 | Elf:3    | Gained mutation: You are frail. (-10% HP) [a neqoxec]
 42585 | Elf:3    | Received a gift from Trog
 42888 | Elf:3    | Noticed Louise
 42897 | Elf:3    | Killed Louise
 43047 | Elf:3    | Identified the Reference Book on the Unstable Snowflakes
 43052 | Elf:3    | Identified the Reference Book on Aerial Confrontation
 43419 | D:4      | Killed Scypier's ghost
 43428 | D:4      | Killed Bombadil's ghost
 43428 | D:4      | Killed FishyPogo's ghost
 43557 | D:6      | Killed Psun's ghost
 43822 | Lair:2   | Got an ancient bone ring
 43823 | Lair:2   | Identified the ring "Poab" {rPois rF- AC+4 Int+6 Dex+3}
                  | (You found it on level 2 of the Lair of Beasts)
 43910 | Spider:1 | Killed Roxanne
 44229 | Orc:1    | You fall into a shaft and drop 1 floor!
 44702 | Vaults:5 | Entered Level 5 of the Vaults
 45084 | Vaults:5 | Reached XP level 25. HP: 180/228 MP: 34/34
 45100 | Vaults:5 | Identified the +1 buckler "Qooduw" {Str+3}
 45149 | Vaults:5 | Reached skill level 15 in Evocations
 45244 | Vaults:5 | Reached skill level 15 in Dodging
 45347 | Vaults:5 | Identified the +1 cloak of Tozop {*Drain +Blink rElec
                  | Str+3} (You found it on level 5 of the Vaults)
 45426 | Vaults:5 | Received a gift from Trog
 45426 | Vaults:5 | Reached skill level 15 in Armour
 45604 | Vaults:5 | Identified the +9 spear "Plog" {venom, Str+4 Dex-2}
 45604 | Vaults:5 | Identified the +5 chain mail "Feapad" {rElec}
 45711 | Vaults:5 | Got a pitted granite ring
 45712 | Vaults:5 | Identified the ring "Moqeot" {rC+ MP-9 Dex+4} (You found it
                  | on level 5 of the Vaults)
 45753 | Vaults:5 | Identified the cursed +1 ring mail of Ymamouc {rElec rPois
                  | rF+ Str+3 Dex-2 Stlth+}
 46067 | Vaults:5 | Identified the ring "Lumommor" {rC+ Dex+6 Slay-3}
 46306 | Vaults:5 | Received a gift from Trog
 46314 | Vaults:5 | Got a silver rune of Zot
 46612 | Vaults:5 | Identified the +3 buckler of the Beginning {Dex+3} (You
                  | found it on level 5 of the Vaults)
 47164 | Slime:1  | Entered Level 1 of the Pits of Slime
 47168 | Slime:1  | Gained mutation: Potions are less effective at restoring
                  | your health. [a shining eye]
 47428 | Slime:1  | Gained mutation: You are resistant to electric shocks.
                  | (rElec) [a shining eye]
 47761 | Slime:2  | Gained mutation: Your magical capacity is low. (-10% MP) [a
                  | shining eye]
 47793 | Slime:3  | Gained mutation: You are weak. (Str -2) [a shining eye]
 47796 | Slime:3  | Gained mutation: You are somewhat resistant to further
                  | mutation. [a shining eye]
 47805 | Slime:3  | Received a gift from Trog
 47820 | Slime:4  | Reached XP level 26. HP: 232/239 MP: 3/31
 47917 | Slime:5  | Entered Level 5 of the Pits of Slime
 48504 | Slime:5  | Received a gift from Trog
 48785 | Slime:5  | Found a viscous altar of Jiyva.
 48834 | Slime:5  | Noticed the Royal Jelly
 49198 | Slime:5  | Lost mutation: You are frail. (-10% HP) [potion of
                  | mutation]
 49198 | Slime:5  | Lost mutation: You are weak. (Str -2) [potion of mutation]
 49198 | Slime:5  | Gained mutation: Your spells are a little easier to cast,
                  | but a little less powerful. [potion of mutation]
 49199 | Slime:5  | Lost mutation: You are somewhat resistant to further
                  | mutation. [potion of mutation]
 49199 | Slime:5  | Lost mutation: Your magical capacity is low. (-10% MP)
                  | [potion of mutation]
 49199 | Slime:5  | Gained mutation: Your flesh is cold resistant. (rC+)
                  | [potion of mutation]
 49199 | Slime:5  | Gained mutation: You can exhale a cloud of poison. [potion
                  | of mutation]
 49200 | Slime:5  | Lost mutation: You can exhale a cloud of poison. [potion of
                  | mutation]
 49200 | Slime:5  | Lost mutation: Your spells are a little easier to cast, but
                  | a little less powerful. [potion of mutation]
 49200 | Slime:5  | Lost mutation: Your flesh is cold resistant. (rC+) [potion
                  | of mutation]
 49200 | Slime:5  | Gained mutation: You passively map a small area around you.
                  | [potion of mutation]
 49200 | Slime:5  | Gained mutation: Your spells are a little easier to cast,
                  | but a little less powerful. [potion of mutation]
 49200 | Slime:5  | Gained mutation: You are frail. (-10% HP) [potion of
                  | mutation]
 49200 | Slime:5  | Gained mutation: You are resistant to hostile enchantments.
                  | (MR+) [potion of mutation]
 49201 | Slime:5  | Lost mutation: You are resistant to electric shocks.
                  | (rElec) [potion of mutation]
 49201 | Slime:5  | Lost mutation: You are frail. (-10% HP) [potion of
                  | mutation]
 49201 | Slime:5  | Lost mutation: You are resistant to hostile enchantments.
                  | (MR+) [potion of mutation]
 49201 | Slime:5  | Lost mutation: Your spells are a little easier to cast, but
                  | a little less powerful. [potion of mutation]
 49202 | Slime:5  | Lost mutation: You passively map a small area around you.
                  | [potion of mutation]
 49202 | Slime:5  | Gained mutation: Your tail ends in a poisonous barb.
                  | [potion of mutation]
 49202 | Slime:5  | Gained mutation: Your tail ends in a sharp poisonous barb.
                  | [potion of mutation]
 49202 | Slime:5  | Gained mutation: You passively map a small area around you.
                  | [potion of mutation]
 49203 | Slime:5  | Lost mutation: Your tail ends in a sharp poisonous barb.
                  | [potion of mutation]
 49203 | Slime:5  | Lost mutation: Your tail ends in a poisonous barb. [potion
                  | of mutation]
 49203 | Slime:5  | Gained mutation: You are covered in fur. (AC +1) [potion of
                  | mutation]
 49203 | Slime:5  | Gained mutation: Your flesh is heat resistant. (rF+)
                  | [potion of mutation]
 49211 | Slime:5  | Found the +7 pair of quick blades "Gyre" and "Gimble"
                  | {protect}
 49252 | Slime:5  | Killed the Royal Jelly
 49384 | Slime:5  | Got a slimy rune of Zot
 49454 | Slime:5  | Identified the Reference Book on the Lethal Oath
 49490 | Slime:5  | Got a twitching ruby amulet
 49491 | Slime:5  | Identified the amulet of Freedom {+Rage Str-3 Int+5} (You
                  | found it on level 5 of the Pits of Slime)
 50092 | Depths:1 | Entered Level 1 of the Depths
 50214 | Depths:1 | Found a runed translucent door.
 50575 | Depths:1 | Found a gateway to Hell.
 50924 | Depths:2 | Found a magical portal.
 50972 | WizLab   | Noticed a greater mummy
 50981 | WizLab   | Received a gift from Trog
 50991 | WizLab   | Killed a greater mummy
 52166 | Depths:2 | Received a gift from Trog
 52169 | Depths:2 | Identified the +3 broad axe of Misery {freeze, Int+4 Dex+4}
                  | (Trog gifted it to you on level 2 of the Depths)
 52321 | Depths:2 | Noticed Asterion
 52335 | Depths:2 | Killed Asterion
 52335 | Depths:2 | Reached XP level 27. HP: 247/271 MP: 11/35
 52579 | Depths:3 | Found a one-way gate leading to the halls of Pandemonium.
 52673 | Depths:5 | Entered Level 5 of the Depths
 52709 | Depths:5 | Got a steaming copper amulet
 52710 | Depths:5 | Identified the amulet "Cara" {Acrobat -Tele Str+2 Dex+7}
                  | (You acquired it on level 5 of the Depths)
 52750 | Depths:5 | Found a gateway to a bazaar.
 52795 | Depths:5 | Paralysed by a floating eye for 3 turns
 52855 | Depths:5 | Found a gate to the Realm of Zot.
 53309 | Depths:5 | Received a gift from Trog
 53555 | Depths:5 | Found a gateway to a ziggurat.
 54346 | Depths:4 | Found a one-way gate to the infinite horrors of the Abyss.
 54755 | Depths:3 | Noticed Frederick
 54774 | Depths:3 | Killed Frederick
 54899 | Depths:3 | Received a gift from Trog
 54947 | Depths:3 | Identified the +4 broad axe of Dismay {protect, Int+4}
                  | (Trog gifted it to you on level 3 of the Depths)
 55245 | Depths:3 | Reached skill level 27 in Stealth
 55654 | Depths:3 | Identified the +11 glaive of Dishonesty {venom, *Slow +Inv
                  | rElec rF+++}
 55704 | Depths:3 | Received a gift from Trog
 55715 | Depths:3 | Found the +10 morningstar "Eos" {elec, Halo rElec}
 56050 | Depths:2 | Found a runed translucent door.
 56051 | Depths:2 | Found a runed translucent door.
 56054 | Depths:2 | Noticed a juggernaut
 56078 | Depths:2 | Killed a juggernaut
 56082 | Depths:2 | Noticed a juggernaut
 56094 | Depths:2 | Killed a juggernaut
 56111 | Depths:2 | Found a runed translucent door.
 56114 | Depths:2 | Found a runed translucent door.
 56200 | Depths:2 | Got a brightly glowing lead ring
 56201 | Depths:2 | Identified the ring "Naafalog" {rN+ EV+1} (You found it on
                  | level 2 of the Depths)
 56274 | Depths:4 | Voluntarily entered the Abyss.
 56926 | Abyss:2  | Found a corrupted altar of Lugonu.
 57205 | Abyss:3  | Found an iron altar of Okawaru.
 57250 | Abyss:3  | Gained mutation: You are occasionally teleported next to
                  | monsters. [a neqoxec]
 57302 | Abyss:3  | Got an abyssal rune of Zot
 57311 | Abyss:3  | Paralysed by accursed screaming for 2 turns
 57355 | Abyss:4  | Found a shadowy altar of Dithmenos.
 57389 | Depths:4 | Escaped the Abyss
 57487 | Bazaar   | Entered a bazaar
 57487 | Bazaar   | Found Symopsi's Armour Emporium.
 57487 | Bazaar   | Found Qexteop's Gadget Shoppe.
 57487 | Bazaar   | Found Wich's Assorted Antiques.
 57487 | Bazaar   | Found Uvvei's Weapon Emporium.
 57487 | Bazaar   | Found Inworem's Magic Scroll Shoppe.
 57495 | Bazaar   | Bought the +12 plate armour of Wenor {rF+ Int+4 Dex+4
                  | Stlth+} for 1003 gold pieces
 57495 | Bazaar   | Bought a +1 shield of resistance for 328 gold pieces
 57517 | Bazaar   | Bought a scroll of enchant weapon for 255 gold pieces
 57517 | Bazaar   | Bought a small copper amulet for 170 gold pieces
 57521 | Bazaar   | Bought a scroll of enchant weapon for 82 gold pieces
 57521 | Bazaar   | Bought a scroll of identify for 22 gold pieces
 57521 | Bazaar   | Bought a scroll of blinking for 82 gold pieces
 57521 | Bazaar   | Bought a scroll of teleportation for 33 gold pieces
 57521 | Bazaar   | Bought a scroll of blinking for 82 gold pieces
 57521 | Bazaar   | Bought a scroll of remove curse for 33 gold pieces
 57521 | Bazaar   | Bought a scroll of identify for 22 gold pieces
 57521 | Bazaar   | Bought a scroll of teleportation for 33 gold pieces
 58242 | Zig:1    | Entered Level 1 of a ziggurat
 58271 | Zig:2    | Entered Level 2 of a ziggurat
 58302 | Zig:3    | Entered Level 3 of a ziggurat
 58409 | Zig:4    | Entered Level 4 of a ziggurat
 58424 | Zig:4    | Received a gift from Trog
 58437 | Zig:4    | Identified the Reference Book on Battle Magic
 58508 | Zig:5    | Entered Level 5 of a ziggurat
 58756 | Zig:6    | Entered Level 6 of a ziggurat
 58764 | Zig:6    | Found the +3 salamander hide armour {+Rage rF++}
 58801 | Zig:6    | Identified the +4 double sword "Gufookk Lybi" {freeze,
                  | Int+4} (You found it on level 6 of a ziggurat)
 58815 | Zig:7    | Entered Level 7 of a ziggurat
 58821 | Zig:7    | Found the cursed +13 scythe of Curses {drain, *Curse}
 58853 | Zig:7    | Identified the ring of Mulol {rPois rF+ rC+} (You found it
                  | on level 7 of a ziggurat)
 58902 | Zig:8    | Entered Level 8 of a ziggurat
 59344 | Zot:1    | Entered Level 1 of the Realm of Zot
 59811 | Zot:2    | Received a gift from Trog
 60547 | Zot:3    | Got a twitching lead ring
 60569 | Zot:3    | Identified the ring of Democracy {Ice +Inv} (You found it
                  | on level 3 of the Realm of Zot)
 60601 | Zot:3    | Found a runed translucent gate.
 60602 | Zot:3    | Found a runed translucent gate.
 60603 | Zot:3    | Found a runed translucent gate.
 60604 | Zot:3    | Noticed opiumtea's ghost (master MiFi)
 61318 | Zot:3    | Killed opiumtea's ghost
 61841 | Zot:4    | Received a gift from Trog
 62143 | Zot:4    | Reached skill level 27 in Fighting
 62626 | Zot:5    | Entered Level 5 of the Realm of Zot
 62687 | Zot:5    | Noticed an orb of fire
 62708 | Zot:5    | Killed an orb of fire
 63077 | Zot:5    | Noticed an ancient lich
 63093 | Zot:5    | Killed an ancient lich
 63439 | Zot:5    | Noticed an ancient lich
 63676 | Zot:5    | Killed an ancient lich
 63693 | Zot:5    | Noticed an ancient lich
 63693 | Zot:5    | Noticed an ancient lich
 63700 | Zot:5    | Noticed an orb of fire
 63720 | Zot:5    | Noticed an orb of fire
 63721 | Zot:5    | Gained mutation: Your magical capacity is low. (-10% MP)
                  | [an orb of fire]
 63733 | Zot:5    | Killed an orb of fire
 63735 | Zot:5    | Noticed an ancient lich
 63742 | Zot:5    | Noticed an orb of fire
 63746 | Zot:5    | Killed an orb of fire
 63748 | Zot:5    | Noticed an orb of fire
 63752 | Zot:5    | Killed an ancient lich
 63754 | Zot:5    | Noticed an orb of fire
 63760 | Zot:5    | Killed from afar by an ancient lich

Levels and vault maps discovered:
D:1:      elethiomel_arrival_quiet, layout_basic
D:2:      minmay_roachtagon, layout_loops_corners, fedhas_altar_3
D:3:      layout_loops_ring, first_ration
D:4:      layout_basic, minmay_temple_entry_drinking_statues,
          gammafunk_ghost_cemetery, uniq_grinder, uniq_duvessa
D:5:      layout_rooms, uniq_pikel
D:6:      layout_loops_corners, ebering_ghost_xom
D:7:      layout_loops_corners, okawaru_ov_weapons_minmay, enter_bailey_2,
          basic_altar, uniq_prince_ribbit1
D:8:      layout_rooms, uniq_psyche
D:9:      layout_basic
D:10:     layout_loops_ring, lair_entry_dummy, basic_altar, grunt_pizzeria,
          uniq_nergalle
D:11:     layout_stronghold, serial_shops, nicolae_shop_overgrown_old_shop,
          serial_ice, serial_ice_a, serial_ice_f, serial_ice_n, serial_ice_l
D:12:     layout_roguey [special_room_bee], david_orc_3,
          minmay_guarded_unrand_finisher, uniq_snorg
D:13:     layout_cave_pools, gauntlet_entry_generic, statue_in_the_mist_lemuel,
          eino_tiny_chamber, chequers_arboretum, grunt_ministairs_14
D:14:     layout_roguey, hangedman_vaults_entry_quadrant_bands,
          serial_park_gazebo [serial_park_minivault_5x5_1],
          small_chamber_with_monster, uniq_kirke, uniq_rupert
D:15:     grunt_enter_depths_hoard, layout_basic, minmay_misc_feat_pillars,
          chequers_serial_rivers_micro_c
Lair:1:   layout_roguey, lightli_volcano_entry_magma_tube
Lair:2:   layout_regular_city, ice2_lemuel, grunt_megastairs_1,
          serial_bayou_shore_b, lemuel_fruit_tree, serial_bayou_shore_a
Lair:3:   layout_misc_corridors, palyth_hydra_swamp_entry,
          spider_nest_entry_webs, minivault_25, beast_lair_carwin_5
Lair:4:   layout_loops_ring
Lair:5:   layout_gridlike
Lair:6:   minmay_lair_end_frog_pond, layout_gridlike, slime_altar_1
Swamp:1:  layout_basic_swamp, lemuel_altar_in_water
Swamp:2:  layout_falls_marsh, nicolae_swamp_triple_paths, swamp_pool1
Swamp:3:  layout_basic_swamp, hangedman_swamp_ruin_wall
Swamp:4:  swamp_old_school, layout_basic_swamp
Spider:1: layout_spider_delve, uniq_roxanne
Spider:2: layout_spider_delve, zaba_anthell, uniq_nikola, uniq_arachne
Spider:3: layout_spider_delve, spiders_nest_spider_trap, uniq_agnes
Spider:4: floodkiller_spider_rune_tomb
Slime:1:  cheibrodos_slime_lost_civilization_8, layout_caves
Slime:2:  cheibrodos_slime_lost_civilization_9, layout_caves
Slime:3:  layout_caves
Slime:4:  layout_caves
Slime:5
Orc:1:    layout_caves, serial_shops, nicolae_shop_statue_plus,
          guppyfry_library_mini
Orc:2:    st_orc_pillars, layout_caves, gammafunk_ghost_fury_of_okawaru
Elf:1:    minmay_elf_arrival_circle, layout_loops_cross, serial_shops, shop,
          kennysheep_underground_church, uniq_jorgrun
Elf:2:    layout_loops_cross
Elf:3:    minmay_elf_hall_statues, layout_loops_cross, basic_altar,
          serial_shops, shop, uniq_louise
Vaults:1: vaults_mumra_lcd, vaults_room_stairs_pillars,
          nicolae_vaults_network_s, vaults_room_stairs_pillars,
          ontoclasm_vaults_tryst, v_rooms_2, hangedman_vaults_stagger,
          v_misc_14, v_misc_19, v_misc_9, v_misc_16, vaults_dpeg_ring,
          vaults_room_fancy_cross, layout_vaults_maze_bifur
Vaults:2: hangedman_vaults_unwind, vaults_standard_mumra_x,
          grunt_vaults_hallway_short, hangedman_vaults_snaps,
          grunt_vaults_hallway_short, vaults_room_fancy_cross, v_alt_pattern_2,
          v_misc_10, grunt_vaults_twisty, vaults_room_grid,
          nicolae_vaults_statue_guard, nicolae_vaults_little_squares_3,
          layout_vaults_omnigrid, uniq_jory
Vaults:3: v_misc_17, ontoclasm_vaults_ring_large, blue_anna_dwarven_crypt,
          hangedman_vaults_nails, v_pattern_4,
          nicolae_vaults_network_quinsquares
          [nicolae_vaults_network_quincunx_subvault,
          nicolae_vaults_network_quincunx_subvault,
          nicolae_vaults_network_quincunx_subvault,
          nicolae_vaults_network_quincunx_subvault], v_misc_4,
          ontoclasm_vaults_spin, ontoclasm_vaults_misaligned, vaults_room_pools,
          vaults_standard_mumra_lines, ontoclasm_vaults_fault,
          layout_vaults_ring, uniq_margery
Vaults:4: st_smaller_cells, ontoclasm_vaults_ring_small, v_misc_24,
          nicolae_vaults_arrows, grunt_vaults_trifunnel,
          hangedman_vaults_cutoff, nicolae_vaults_big_ls, v_misc_18,
          ontoclasm_vaults_pinch, vaults_room_fours, v_misc_13,
          ontoclasm_vaults_ring_large, layout_vaults_omnicross, uniq_donald
Vaults:5
Crypt:1:  ragdoll_tomb_raider, layout_basic, grunt_crypt_arrival_split,
          uniq_bai_suzhen, uniq_sojobo, uniq_mennas
Crypt:2:  lemuel_vampire_tower, layout_misc_corridors
Crypt:3:  cryptofortress_bobbens
Depths:1: layout_cave_pools, grunt_hell_entry_dis_grunt, serial_bayou_pond_c,
          minmay_misc_feat_diagonals, kennysheep_minor_cross, drop_trap,
          minmay_crystal_box
Depths:2: impenetrable_vault, layout_cave_pools,
          lightli_enter_wizlab_magi_temple, minmay_staircase_statues_hall_small,
          pf_coc_iceberg, uniq_asterion
Depths:3: kennysheep_large_vault, layout_basic, pf_vacation_house_of_asmodeus,
          rand_demon_pan_entry_8, dk_noncrumbling_4, uniq_frederick
Depths:4: hangedman_cross_stitches, layout_cave_pools, hell_entry,
          abyss_entry_small_statue_room, infiniplex_staircase_x
Depths:5: grunt_twist_and_shout, layout_basic, enter_ziggurat_b,
          minmay_misc_feat_iff, serial_shops, statue_bzr, hell_entry,
          hangedman_decor_growths, columned_hall_lemuel
Zot:1:    layout_misc_corridors, grunt_megastairs_4
Zot:2:    layout_misc_corridors
Zot:3:    layout_basic, gammafunk_ghost_necromancy
Zot:4:    layout_concentric_octagons
Zot:5:    layout_gridlike, st_stairs_4, hangedman_zot_gyre, drop_trap

Skill      XL: |  1  2  3  4  5  6  7  8  9 10 11 12 13 14 15 16 17 18 19 20 21 22 23 24 25 26 27 |
---------------+----------------------------------------------------------------------------------+-----
Dodging        | 2 3 4 5 6 8 9 10 11 12 13 14 15 16 17 | 17.5
Armour         | 2 3 4 5 6 8 9 10 11 12 13 14 15 16 17 | 17.5
Axes           | 4 5 7 8 10 11 12 14 15 17 18 | 18.1
Fighting       | 4 5 7 8 9 11 12 13 14 15 16 17 18 19 20 21 27 | 27.0
Shields        | 2 5 8 9 |  9.1
Stealth        | 5 9 12 14 16 17 19 20 21 23 24 27 | 27.0
Evocations     | 5 7 9 10 11 12 13 14 15 16 18 | 18.5

Action                   |  1- 3 |  4- 6 |  7- 9 | 10-12 | 13-15 | 16-18 | 19-21 | 22-24 | 25-27 || total
-------------------------+-------+-------+-------+-------+-------+-------+-------+-------+-------++-------
Melee: Hand axe          |   117 |    35 |    66 |   232 |    61 |    32 |    77 |       |       ||   620
       War axe           |       |    99 |   200 |       |       |       |       |       |       ||   299
       Trident           |       |       |       |   170 |       |       |       |       |       ||   170
       Broad axe         |       |       |       |   209 |   857 |  1191 |  1238 |  1644 |  3187 ||  8326
       Constrict         |       |       |       |       |   187 |   229 |   213 |   285 |   328 ||  1242
       Unarmed           |       |       |       |       |       |       |       |     6 |       ||     6
Throw: Dart              |       |       |       |     2 |       |     5 |       |     1 |       ||     8
       Javelin           |       |       |       |       |       |       |       |       |     1 ||     1
       Throwing net      |       |       |       |       |       |       |       |       |     1 ||     1
Invok: Berserk           |     5 |     4 |     7 |    14 |     8 |     5 |     3 |     8 |    23 ||    77
       Trog's Hand       |       |     1 |     2 |     7 |     9 |    16 |    11 |    21 |    41 ||   108
       Brothers in Arms  |       |       |       |     1 |       |     1 |       |       |     4 ||     6
 Abil: Spit Poison       |       |     2 |     1 |     2 |       |       |       |       |       ||     5
Evoke: Wand              |       |       |    11 |     8 |       |       |     1 |     2 |     6 ||    28
       Lamp of fire      |       |       |       |       |       |       |       |       |     2 ||     2
  Use: Scroll            |     5 |     4 |    17 |    20 |    12 |     7 |     9 |    20 |    47 ||   141
       Potion            |     1 |     3 |     5 |     3 |     4 |     5 |     9 |    10 |    23 ||    63
 Stab: Sleeping          |       |       |     1 |     1 |       |     6 |    28 |    57 |    43 ||   136
       Held in net/web   |       |       |       |       |       |     1 |       |       |     3 ||     4
       Distracted        |       |       |       |       |       |     3 |     4 |    10 |    16 ||    33
       Confused          |       |       |       |       |       |       |       |       |     2 ||     2
       Invisible         |       |       |       |       |       |       |       |       |     2 ||     2
  Eat: Chunk             |     6 |     2 |    12 |    19 |    20 |     4 |     8 |    10 |    15 ||    96
       Ration            |       |     2 |     2 |     7 |     4 |     9 |     6 |     8 |    22 ||    60
Armor: Animal skin       |    11 |       |       |       |       |       |       |       |       ||    11
       Skin              |    40 |       |       |       |       |       |       |       |       ||    40
       Ring mail         |    25 |    23 |       |       |       |       |       |       |       ||    48
       Chain mail        |       |    38 |       |       |       |       |       |       |       ||    38
       Robe              |       |     7 |    97 |   262 |     8 |       |       |       |       ||   374
       Plate armour      |       |       |       |    56 |       |       |       |       |       ||    56
       Fire dragon scale |       |       |       |       |   436 |   870 |   130 |       |       ||  1436
       Leather armour    |       |       |       |       |       |       |   346 |   474 |  1238 ||  2058
Dodge: Dodged            |    62 |    57 |   142 |   319 |   244 |   479 |   526 |   606 |  1687 ||  4122
Block: Shield            |       |       |       |   134 |   504 |   921 |   733 |   884 |  2341 ||  5517
       Reflection        |       |       |       |       |       |       |     4 |    72 |    82 ||   158
